Sharks vs Devils

Created - December 29 2007 at 22:42

Goals
1 2 3 T
Sharks 0 3 0 3
Devils 1 2 1 4
Shots
1 2 3 T
Sharks 5 11 5 21
Devils 11 5 10 26

Period #1

1. Devils , Zach Parise 12 (Brendan Witt, Michael Nylander) at 8:55

Penalties :
Colby Armstrong (SJS) for Hooking (Minor) at 1:07, Paul Martin (NJD) for Hooking (Minor) at 4:17, Jamie Langenbrunner (NJD) for Tripping (Minor) at 5:37, Corey Perry (SJS) for Slashing (Double Minor) at 12:46

Period #2

2. Sharks , Tomas Plekanec 5 (Mark Streit) at 3:37
3. Devils , Jean-Pierre Dumont 9 (Daniel Alfredsson) at 4:44
4. Sharks , Ville Peltonen 6 (Tomas Plekanec, Mark Streit) at 12:11
5. Devils , Zach Parise 13 (Michael Nylander, Brad Lukowich) at 17:21
6. Sharks , Jonathan Cheechoo 22 (Milan Michalek, Sheldon Souray) at 19:09

Penalties :
Colin White (NJD) for High sticking (Minor) at 0:51, Ben Eager (NJD) for Holding (Minor) at 7:23, Daniel Alfredsson (NJD) for Goalie Interference (Minor) at 7:47, Brad Lukowich (NJD) for Goalie Interference (Minor) at 9:28, Patrik Elias (NJD) for Boarding (Minor) at 13:03, Brendan Witt (NJD) for Tripping (Minor) at 15:39, Tomas Plekanec (SJS) for Hooking (Minor) at 15:39, Sheldon Souray (SJS) for Holding (Minor) at 19:44

Period #3

7. Devils , Patrik Elias 11 (Michael Nylander, Paul Martin) at 0:10 (PP)

Penalties :
Niklas Kronwall (SJS) for Tripping (Minor) at 1:35, Michael Nylander (NJD) for Hooking (Minor) at 3:02, Zach Parise (NJD) for Holding (Minor) at 8:53, Sheldon Souray (SJS) for Hooking (Minor) at 8:53, Sheldon Souray (SJS) for Elbowing (Minor) at 11:27, Sheldon Souray (SJS) for Hooking (Minor) at 15:22, Marc-Edouard Vlasic (SJS) for Interference (Minor) at 19:13

Goalie Stats

Dany Sabourin (SJS), 13 saves from 17 shots - (0.765), L, 1-1-0, 40:10 minutes
Rick Dipietro (SJS), 9 saves from 9 shots - (1.000), 19:50 minutes
Martin Brodeur (NJD), 18 saves from 21 shots - (0.857), W, 25-13-3, 60:00 minutes

Players Stats

Sharks
Player Name              G  A  P  +/- PIM S  H  SB FO MP 
-----------------------------------------------------------
Barret Jackman           0  0  0   0  0   0  0  1  0  22 
Colby Armstrong          0  0  0   1  2   2  1  0  1  14 
Corey Perry              0  0  0   0  4   1  1  0  1  15 
Joe Thornton             0  0  0  -1  0   1  3  0  27 22 
Jonathan Cheechoo        1  0  1  -1  0   3  2  0  4  19 
Kyle Mclaren             0  0  0  -1  0   0  2  2  0  22 
Marc-Edouard Vlasic      0  0  0   1  2   0  0  0  0  5  
Mark Streit              0  2  2   0  0   0  1  0  0  18 
Markus Naslund           0  0  0   0  0   2  0  0  16 21 
Martin Havlat            0  0  0  -2  0   2  0  0  1  20 
Milan Michalek           0  1  1   1  0   0  0  0  0  7  
Niklas Kronwall          0  0  0   1  2   0  1  2  0  15 
Pavel Datsyuk            0  0  0   0  0   4  0  0  18 23 
Sheldon Souray           0  1  1   0  8   0  4  1  0  22 
Stu Barnes               0  0  0   1  0   0  0  0  9  5  
Teppo Numminen           0  0  0  -1  0   1  0  1  0  22 
Tomas Plekanec           1  1  2   1  2   2  0  0  14 13 
Ville Peltonen           1  0  1   1  0   3  0  1  0  14 
Devils
Player Name              G  A  P  +/- PIM S  H  SB FO MP 
-----------------------------------------------------------
Ben Eager                0  0  0   0  2   1  1  0  25 22 
Brad Lukowich            0  1  1   1  2   2  0  2  0  23 
Brendan Witt             0  1  1   1  2   0  0  0  0  25 
Chris Chelios            0  0  0   0  0   0  0  0  0  3  
Colin White              0  0  0  -1  2   0  3  2  0  23 
Daniel Alfredsson        0  1  1   0  2   1  0  0  3  21 
Jamie Langenbrunner      0  0  0  -1  2   1  3  1  0  18 
Jean-Pierre Dumont       1  0  1   0  0   5  0  0  0  16 
John Madden              0  0  0  -1  0   4  1  0  18 17 
Juraj Kolnik             0  0  0   0  0   0  0  0  0  3  
Michael Nylander         0  3  3   1  2   2  1  0  23 23 
Miroslav Satan           0  0  0  -1  0   1  0  0  3  11 
Patrik Elias             1  0  1   0  2   1  0  0  0  19 
Paul Martin              0  1  1   0  2   1  0  0  0  23 
Ryan Getzlaf             0  0  0   0  0   0  0  0  0  0  
Timo Helbling            0  0  0   0  0   0  1  0  0  21 
Travis Zajac             0  0  0  -1  0   2  1  0  15 13 
Zach Parise              2  0  2   1  2   5  0  0  4  18 

3 Stars

1 - Zach Parise (NJD)
2 - Michael Nylander (NJD)
3 - Tomas Plekanec (SJS)

Power Play

Sharks - 0 on 8 Attempt(s) - 0.00%
Devils - 1 on 7 Attempt(s) - 14.29%

Penalty Kill

Sharks - 6 on 7 Attempt(s) - 85.71% - Score 0 goal in Penalty Kill
Devils - 8 on 8 Attempt(s) - 100.00% - Score 0 goal in Penalty Kill

Game Notes

Rick Dipietro enters game at 0:10 of 3rd period

Finance

Level 1 -- Attendance: 3663 (61.05%) -- Ticket Income $366,300.00
Level 2 -- Attendance: 3254 (65.08%) -- Ticket Income $195,240.00
Level 3 -- Attendance: 1450 (72.50%) -- Ticket Income $50,750.00
Level 4 -- Attendance: 3576 (89.39%) -- Ticket Income $71,520.00
Luxury Box -- Attendance: 828 (82.83%) -- Ticket Income $165,600.00
Game was played at the Continental Airlines Arena
Total Attendance: 12771 (67.07%)
Total Ticket Income: $916,014.60
Other Income: $149,357.10
Total Income: $1,065,372.00


Play by Play

Period #1

0:01 of 1st period - Joe Thornton wins face-off versus Zach Parise in neutral zone.
0:18 of 1st period - Shot by Joe Thornton.
0:18 of 1st period - Shot Hit the Post.
0:25 of 1st period - Patrik Elias is hit by Sheldon Souray.
0:36 of 1st period - Shot by Zach Parise.
0:36 of 1st period - Shot Misses the Net.
0:40 of 1st period - Shot by Michael Nylander.
0:40 of 1st period - Shot Blocked by Sheldon Souray.
0:42 of 1st period - Shot by Michael Nylander.
0:42 of 1st period - Stopped by Dany Sabourin without a rebound.
0:43 of 1st period - Pavel Datsyuk wins face-off versus Ben Eager in Sharks zone.
0:49 of 1st period - Markus Naslund is hit by Colin White and loses puck.
1:04 of 1st period - Shot by Jean-Pierre Dumont.
1:04 of 1st period - Stopped by Dany Sabourin without a rebound.
1:05 of 1st period - Tomas Plekanec wins face-off versus Travis Zajac in Sharks zone.
1:07 of 1st period - Minor Penalty to Colby Armstrong for Hooking.
1:08 of 1st period - Michael Nylander wins face-off versus Markus Naslund in neutral zone.
1:20 of 1st period - Icing by Zach Parise.
1:21 of 1st period - Michael Nylander wins face-off versus Joe Thornton in Devils zone.
1:26 of 1st period - Shot by Zach Parise.
1:26 of 1st period - Shot Misses the Net.
1:28 of 1st period - Shot by Paul Martin.
1:28 of 1st period - Stopped by Dany Sabourin without a rebound.
1:29 of 1st period - Markus Naslund wins face-off versus Ben Eager in Sharks zone.
2:15 of 1st period - Off-side.
2:16 of 1st period - Markus Naslund wins face-off versus Michael Nylander in neutral zone.
2:34 of 1st period - Icing by Brendan Witt.
2:35 of 1st period - Markus Naslund wins face-off versus Michael Nylander in Devils zone.
2:36 of 1st period - Shot by Martin Havlat.
2:36 of 1st period - Shot Misses the Net.
3:08 of 1st period - Icing by Ben Eager.
3:09 of 1st period - Ben Eager wins face-off versus Colby Armstrong in Devils zone.
3:15 of 1st period - Off-side.
3:16 of 1st period - Jonathan Cheechoo wins face-off versus Travis Zajac in neutral zone.
3:18 of 1st period - Off-side.
3:19 of 1st period - Tomas Plekanec wins face-off versus Daniel Alfredsson in neutral zone.
3:36 of 1st period - Daniel Alfredsson is hit by Mark Streit and loses puck.
3:41 of 1st period - Shot by Daniel Alfredsson.
3:41 of 1st period - Shot Blocked by Niklas Kronwall.
3:45 of 1st period - Shot by Jean-Pierre Dumont.
3:45 of 1st period - Stopped by Dany Sabourin with a rebound.
4:17 of 1st period - Minor Penalty to Paul Martin for Hooking.
4:18 of 1st period - John Madden wins face-off versus Pavel Datsyuk in Devils zone.
4:32 of 1st period - Icing by Martin Havlat.
4:33 of 1st period - Pavel Datsyuk wins face-off versus Ben Eager in Sharks zone.
4:47 of 1st period - Icing by Martin Havlat.
4:48 of 1st period - John Madden wins face-off versus Martin Havlat in Sharks zone.
5:37 of 1st period - Minor Penalty to Jamie Langenbrunner for Tripping.
5:38 of 1st period - Ben Eager wins face-off versus Markus Naslund in neutral zone.
6:07 of 1st period - Shot by Joe Thornton.
6:07 of 1st period - Shot Misses the Net.
6:11 of 1st period - Shot by Jonathan Cheechoo.
6:11 of 1st period - Deflect By Markus Naslund.
6:11 of 1st period - Stopped by Martin Brodeur with a rebound.
6:13 of 1st period - Shot by Markus Naslund.
6:13 of 1st period - Stopped by Martin Brodeur without a rebound.
6:14 of 1st period - Joe Thornton wins face-off versus John Madden in Devils zone.
6:55 of 1st period - Icing by Teppo Numminen.
6:56 of 1st period - Jonathan Cheechoo wins face-off versus John Madden in Sharks zone.
7:37 of 1st period - Martin Havlat is hit by Colin White and loses puck.
7:40 of 1st period - Shot by Tomas Plekanec.
7:40 of 1st period - Shot Misses the Net.
7:42 of 1st period - Shot by Colby Armstrong.
7:42 of 1st period - Shot Misses the Net.
7:44 of 1st period - Shot by Ville Peltonen.
7:44 of 1st period - Stopped by Martin Brodeur without a rebound.
7:45 of 1st period - Tomas Plekanec wins face-off versus Travis Zajac in Devils zone.
7:52 of 1st period - Shot by Miroslav Satan.
7:52 of 1st period - Shot Misses the Net.
8:08 of 1st period - Shot by Miroslav Satan.
8:08 of 1st period - Shot Misses the Net.
8:55 of 1st period - Shot by Zach Parise.
8:55 of 1st period - Goal by Zach Parise - Sharks : 0 - Devils : 1.
8:56 of 1st period - Ben Eager wins face-off versus Pavel Datsyuk in neutral zone.
9:17 of 1st period - Pavel Datsyuk is hit by Ben Eager and loses puck.
9:54 of 1st period - Milan Michalek is hit by Jamie Langenbrunner and loses puck.
10:02 of 1st period - Off-side.
10:03 of 1st period - Michael Nylander wins face-off versus Joe Thornton in neutral zone.
10:33 of 1st period - Shot by Patrik Elias.
10:33 of 1st period - Shot Misses the Net.
10:42 of 1st period - Icing by Timo Helbling.
10:43 of 1st period - Michael Nylander wins face-off versus Tomas Plekanec in Devils zone.
11:44 of 1st period - Shot by Miroslav Satan.
11:44 of 1st period - Shot Blocked by Ville Peltonen.
12:10 of 1st period - Shot by Miroslav Satan.
12:10 of 1st period - Stopped by Dany Sabourin without a rebound.
12:11 of 1st period - Pavel Datsyuk wins face-off versus John Madden in Sharks zone.
12:46 of 1st period - Double Minor Penalty to Corey Perry for Slashing.
12:47 of 1st period - Joe Thornton wins face-off versus Michael Nylander in neutral zone.
12:56 of 1st period - Shot by Joe Thornton.
12:56 of 1st period - Shot Misses the Net.
14:43 of 1st period - Icing by Brendan Witt.
14:44 of 1st period - Travis Zajac wins face-off versus Markus Naslund in Devils zone.
15:46 of 1st period - Brendan Witt is hit by Joe Thornton and loses puck.
17:00 of 1st period - Shot by Tomas Plekanec.
17:00 of 1st period - Shot Blocked by Jamie Langenbrunner.
17:04 of 1st period - Shot by Tomas Plekanec.
17:04 of 1st period - Shot Misses the Net.
17:06 of 1st period - Shot by Tomas Plekanec.
17:06 of 1st period - Deflect By Colby Armstrong.
17:06 of 1st period - Stopped by Martin Brodeur without a rebound.
17:07 of 1st period - Stu Barnes wins face-off versus Travis Zajac in Devils zone.
17:13 of 1st period - Off-side.
17:14 of 1st period - Stu Barnes wins face-off versus John Madden in neutral zone.
17:27 of 1st period - Shot by John Madden.
17:27 of 1st period - Stopped by Dany Sabourin with a rebound.
17:31 of 1st period - Shot by John Madden.
17:31 of 1st period - Stopped by Dany Sabourin without a rebound.
17:32 of 1st period - Miroslav Satan wins face-off versus Tomas Plekanec in Sharks zone.
17:33 of 1st period - Shot by Travis Zajac.
17:33 of 1st period - Stopped by Dany Sabourin with a rebound.
17:35 of 1st period - Shot by Jamie Langenbrunner.
17:35 of 1st period - Shot Misses the Net.
17:37 of 1st period - Shot by Travis Zajac.
17:37 of 1st period - Stopped by Dany Sabourin without a rebound.
17:38 of 1st period - Travis Zajac wins face-off versus Tomas Plekanec in Sharks zone.
18:10 of 1st period - Shot by Niklas Kronwall.
18:10 of 1st period - Shot Misses the Net.
18:12 of 1st period - Shot by Tomas Plekanec.
18:12 of 1st period - Stopped by Martin Brodeur without a rebound.
18:13 of 1st period - Ben Eager wins face-off versus Pavel Datsyuk in Devils zone.
18:47 of 1st period - Icing by Kyle Mclaren.
18:48 of 1st period - Michael Nylander wins face-off versus Pavel Datsyuk in Sharks zone.
18:52 of 1st period - Patrik Elias is hit by Kyle Mclaren.
19:07 of 1st period - Shot by Patrik Elias.
19:07 of 1st period - Shot Misses the Net.
19:38 of 1st period - Icing by Brad Lukowich.
19:39 of 1st period - Michael Nylander wins face-off versus Tomas Plekanec in Devils zone.
19:39 of 1st period - Michael Nylander is hit by Colby Armstrong.
19:55 of 1st period - Shot by Jamie Langenbrunner.
19:55 of 1st period - Stopped by Dany Sabourin without a rebound.
19:56 of 1st period - Stu Barnes wins face-off versus Travis Zajac in Sharks zone.

Period #2

0:01 of 2nd period - Joe Thornton wins face-off versus Michael Nylander in neutral zone.
0:08 of 2nd period - Shot by Martin Havlat.
0:08 of 2nd period - Stopped by Martin Brodeur without a rebound.
0:09 of 2nd period - Pavel Datsyuk wins face-off versus Ben Eager in Devils zone.
0:34 of 2nd period - Shot by Markus Naslund.
0:34 of 2nd period - Shot Blocked by Brad Lukowich.
0:36 of 2nd period - Shot by Barret Jackman.
0:36 of 2nd period - Shot Misses the Net.
0:40 of 2nd period - Shot by Pavel Datsyuk.
0:40 of 2nd period - Deflect By Corey Perry.
0:40 of 2nd period - Shot Blocked by Colin White.
0:44 of 2nd period - Shot by Markus Naslund.
0:44 of 2nd period - Shot Misses the Net.
0:47 of 2nd period - Pavel Datsyuk is hit by Colin White and loses puck.
0:51 of 2nd period - Minor Penalty to Colin White for High sticking.
0:52 of 2nd period - Joe Thornton wins face-off versus John Madden in Devils zone.
1:21 of 2nd period - Shot by Joe Thornton.
1:21 of 2nd period - Shot Misses the Net.
1:44 of 2nd period - Shot by Pavel Datsyuk.
1:44 of 2nd period - Stopped by Martin Brodeur without a rebound.
1:45 of 2nd period - Pavel Datsyuk wins face-off versus Ben Eager in Devils zone.
3:31 of 2nd period - Shot by Mark Streit.
3:31 of 2nd period - Shot Misses the Net.
3:33 of 2nd period - Shot by Tomas Plekanec.
3:33 of 2nd period - Shot Misses the Net.
3:35 of 2nd period - Shot by Mark Streit.
3:35 of 2nd period - Shot Blocked by Colin White.
3:37 of 2nd period - Shot by Tomas Plekanec.
3:37 of 2nd period - Goal by Tomas Plekanec - Sharks : 1 - Devils : 1.
3:38 of 2nd period - Stu Barnes wins face-off versus Travis Zajac in neutral zone.
3:43 of 2nd period - Icing by Timo Helbling.
3:44 of 2nd period - Travis Zajac wins face-off versus Pavel Datsyuk in Devils zone.
3:44 of 2nd period - Travis Zajac is hit by Corey Perry.
3:53 of 2nd period - Pavel Datsyuk is hit by Timo Helbling and loses puck.
4:44 of 2nd period - Shot by Jean-Pierre Dumont.
4:44 of 2nd period - Goal by Jean-Pierre Dumont - Sharks : 1 - Devils : 2.
4:45 of 2nd period - Tomas Plekanec wins face-off versus Daniel Alfredsson in neutral zone.
7:23 of 2nd period - Minor Penalty to Ben Eager for Holding.
7:24 of 2nd period - John Madden wins face-off versus Jonathan Cheechoo in Sharks zone.
7:25 of 2nd period - Shot by Daniel Alfredsson.
7:25 of 2nd period - Shot Blocked by Teppo Numminen.
7:35 of 2nd period - Shot by Joe Thornton.
7:35 of 2nd period - Stopped by Martin Brodeur without a rebound.
7:36 of 2nd period - John Madden wins face-off versus Joe Thornton in Devils zone.
7:36 of 2nd period - John Madden is hit by Joe Thornton.
7:47 of 2nd period - Minor Penalty to Daniel Alfredsson for Goalie Interference.
7:48 of 2nd period - John Madden wins face-off versus Pavel Datsyuk in neutral zone.
8:06 of 2nd period - Shot by Pavel Datsyuk.
8:06 of 2nd period - Stopped by Martin Brodeur with a rebound.
8:08 of 2nd period - Shot by Pavel Datsyuk.
8:08 of 2nd period - Stopped by Martin Brodeur without a rebound.
8:09 of 2nd period - John Madden wins face-off versus Joe Thornton in Devils zone.
8:23 of 2nd period - Icing by Joe Thornton.
8:24 of 2nd period - John Madden wins face-off versus Joe Thornton in Sharks zone.
9:24 of 2nd period - Barret Jackman is hit by Jamie Langenbrunner and loses puck.
9:28 of 2nd period - Minor Penalty to Brad Lukowich for Goalie Interference.
9:29 of 2nd period - John Madden wins face-off versus Joe Thornton in Devils zone.
10:45 of 2nd period - Off-side.
10:46 of 2nd period - John Madden wins face-off versus Joe Thornton in neutral zone.
10:52 of 2nd period - Icing by Jonathan Cheechoo.
10:53 of 2nd period - Joe Thornton wins face-off versus John Madden in Sharks zone.
11:21 of 2nd period - Brendan Witt is hit by Jonathan Cheechoo.
11:52 of 2nd period - Daniel Alfredsson is hit by Niklas Kronwall and loses puck.
12:07 of 2nd period - Shot by Tomas Plekanec.
12:07 of 2nd period - Shot Misses the Net.
12:09 of 2nd period - Shot by Ville Peltonen.
12:09 of 2nd period - Shot Misses the Net.
12:11 of 2nd period - Shot by Ville Peltonen.
12:11 of 2nd period - Goal by Ville Peltonen - Sharks : 2 - Devils : 2.
12:12 of 2nd period - Miroslav Satan wins face-off versus Pavel Datsyuk in neutral zone.
12:35 of 2nd period - Shot by Corey Perry.
12:35 of 2nd period - Stopped by Martin Brodeur with a rebound.
12:45 of 2nd period - Off-side.
12:46 of 2nd period - Michael Nylander wins face-off versus Jonathan Cheechoo in neutral zone.
13:03 of 2nd period - Minor Penalty to Patrik Elias for Boarding.
13:04 of 2nd period - John Madden wins face-off versus Pavel Datsyuk in Sharks zone.
13:09 of 2nd period - Shot by Jamie Langenbrunner.
13:09 of 2nd period - Shot Misses the Net.
13:11 of 2nd period - Shot by Brad Lukowich.
13:11 of 2nd period - Stopped by Dany Sabourin without a rebound.
13:12 of 2nd period - Ben Eager wins face-off versus Joe Thornton in Sharks zone.
13:27 of 2nd period - Shot by Markus Naslund.
13:27 of 2nd period - Shot Blocked by Brad Lukowich.
13:29 of 2nd period - Shot by Teppo Numminen.
13:29 of 2nd period - Stopped by Martin Brodeur without a rebound.
13:30 of 2nd period - Pavel Datsyuk wins face-off versus Ben Eager in Devils zone.
13:31 of 2nd period - Shot by Martin Havlat.
13:31 of 2nd period - Shot Misses the Net.
13:59 of 2nd period - Martin Havlat is hit by Jamie Langenbrunner and loses puck.
15:39 of 2nd period - Minor Penalty to Brendan Witt for Tripping.
15:39 of 2nd period - Minor Penalty to Tomas Plekanec for Hooking.
15:40 of 2nd period - Joe Thornton wins face-off versus Ben Eager in Devils zone.
16:07 of 2nd period - Shot by Joe Thornton.
16:07 of 2nd period - Shot Hit the Post.
17:21 of 2nd period - Shot by Zach Parise.
17:21 of 2nd period - Goal by Zach Parise - Sharks : 2 - Devils : 3.
17:22 of 2nd period - Michael Nylander wins face-off versus Joe Thornton in neutral zone.
17:40 of 2nd period - Shot by Pavel Datsyuk.
17:40 of 2nd period - Stopped by Martin Brodeur without a rebound.
17:41 of 2nd period - Michael Nylander wins face-off versus Tomas Plekanec in Devils zone.
19:09 of 2nd period - Shot by Jonathan Cheechoo.
19:09 of 2nd period - Goal by Jonathan Cheechoo - Sharks : 3 - Devils : 3.
19:10 of 2nd period - Corey Perry wins face-off versus Ben Eager in neutral zone.
19:33 of 2nd period - Shot by Jean-Pierre Dumont.
19:33 of 2nd period - Shot Misses the Net.
19:35 of 2nd period - Shot by Daniel Alfredsson.
19:35 of 2nd period - Shot Blocked by Kyle Mclaren.
19:37 of 2nd period - Shot by Ben Eager.
19:37 of 2nd period - Shot Blocked by Barret Jackman.
19:39 of 2nd period - Shot by Jean-Pierre Dumont.
19:39 of 2nd period - Stopped by Dany Sabourin without a rebound.
19:40 of 2nd period - Travis Zajac wins face-off versus Joe Thornton in Sharks zone.
19:43 of 2nd period - Shot by Jamie Langenbrunner.
19:43 of 2nd period - Shot Misses the Net.
19:44 of 2nd period - Minor Penalty to Sheldon Souray for Holding.
19:45 of 2nd period - Michael Nylander wins face-off versus Joe Thornton in Sharks zone.
19:48 of 2nd period - Shot by Zach Parise.
19:48 of 2nd period - Stopped by Dany Sabourin without a rebound.
19:49 of 2nd period - Joe Thornton wins face-off versus Michael Nylander in Sharks zone.

Period #3

0:01 of 3rd period - Joe Thornton wins face-off versus Michael Nylander in neutral zone.
0:10 of 3rd period - Shot by Patrik Elias.
0:10 of 3rd period - Goal by Patrik Elias - Sharks : 3 - Devils : 4.
0:10 of 3rd period - Rick Dipietro enters game.
0:11 of 3rd period - Tomas Plekanec wins face-off versus Ben Eager in neutral zone.
0:30 of 3rd period - Shot by Daniel Alfredsson.
0:30 of 3rd period - Stopped by Rick Dipietro without a rebound.
0:31 of 3rd period - Joe Thornton wins face-off versus Michael Nylander in Sharks zone.
1:09 of 3rd period - Shot by Zach Parise.
1:09 of 3rd period - Stopped by Rick Dipietro without a rebound.
1:10 of 3rd period - Ben Eager wins face-off versus Pavel Datsyuk in Sharks zone.
1:10 of 3rd period - Daniel Alfredsson is hit by Kyle Mclaren and loses puck.
1:18 of 3rd period - Off-side.
1:19 of 3rd period - Ben Eager wins face-off versus Tomas Plekanec in neutral zone.
1:35 of 3rd period - Minor Penalty to Niklas Kronwall for Tripping.
1:36 of 3rd period - Markus Naslund wins face-off versus Michael Nylander in Sharks zone.
1:51 of 3rd period - Shot by Michael Nylander.
1:51 of 3rd period - Stopped by Rick Dipietro without a rebound.
1:52 of 3rd period - Ben Eager wins face-off versus Markus Naslund in Sharks zone.
1:57 of 3rd period - Shot by Jean-Pierre Dumont.
1:57 of 3rd period - Shot Blocked by Kyle Mclaren.
1:59 of 3rd period - Shot by Timo Helbling.
1:59 of 3rd period - Shot Misses the Net.
2:33 of 3rd period - Colin White is hit by Joe Thornton and loses puck.
3:02 of 3rd period - Minor Penalty to Michael Nylander for Hooking.
3:03 of 3rd period - Daniel Alfredsson wins face-off versus Markus Naslund in neutral zone.
3:28 of 3rd period - Shot by Martin Havlat.
3:28 of 3rd period - Stopped by Martin Brodeur without a rebound.
3:29 of 3rd period - Markus Naslund wins face-off versus Zach Parise in Devils zone.
4:15 of 3rd period - Icing by Kyle Mclaren.
4:16 of 3rd period - Ben Eager wins face-off versus Pavel Datsyuk in Sharks zone.
4:19 of 3rd period - Shot by Daniel Alfredsson.
4:19 of 3rd period - Deflect By Ben Eager.
4:19 of 3rd period - Shot Misses the Net.
4:23 of 3rd period - Shot by Ben Eager.
4:23 of 3rd period - Stopped by Rick Dipietro without a rebound.
4:24 of 3rd period - Joe Thornton wins face-off versus John Madden in Sharks zone.
4:24 of 3rd period - Joe Thornton is hit by John Madden.
5:21 of 3rd period - Shot by Ville Peltonen.
5:21 of 3rd period - Shot Misses the Net.
5:23 of 3rd period - Shot by Ville Peltonen.
5:23 of 3rd period - Shot Misses the Net.
5:25 of 3rd period - Shot by Tomas Plekanec.
5:25 of 3rd period - Deflect By Colby Armstrong.
5:25 of 3rd period - Stopped by Martin Brodeur without a rebound.
5:26 of 3rd period - Travis Zajac wins face-off versus Stu Barnes in Devils zone.
5:26 of 3rd period - Travis Zajac is hit by Jonathan Cheechoo.
6:09 of 3rd period - Icing by Marc-Edouard Vlasic.
6:10 of 3rd period - Stu Barnes wins face-off versus Ben Eager in Sharks zone.
6:35 of 3rd period - Shot by Colby Armstrong.
6:35 of 3rd period - Shot Misses the Net.
6:37 of 3rd period - Shot by Tomas Plekanec.
6:37 of 3rd period - Deflect By Ville Peltonen.
6:37 of 3rd period - Shot Misses the Net.
6:41 of 3rd period - Shot by Ville Peltonen.
6:41 of 3rd period - Stopped by Martin Brodeur with a rebound.
6:46 of 3rd period - Icing by Jean-Pierre Dumont.
6:47 of 3rd period - Ben Eager wins face-off versus Pavel Datsyuk in Devils zone.
7:47 of 3rd period - Icing by Niklas Kronwall.
7:48 of 3rd period - Travis Zajac wins face-off versus Tomas Plekanec in Sharks zone.
8:10 of 3rd period - Shot by John Madden.
8:10 of 3rd period - Stopped by Rick Dipietro without a rebound.
8:11 of 3rd period - Ben Eager wins face-off versus Joe Thornton in Sharks zone.
8:53 of 3rd period - Minor Penalty to Zach Parise for Holding.
8:53 of 3rd period - Minor Penalty to Sheldon Souray for Hooking.
8:54 of 3rd period - Markus Naslund wins face-off versus Michael Nylander in Sharks zone.
8:54 of 3rd period - Markus Naslund is hit by Michael Nylander.
11:05 of 3rd period - Off-side.
11:06 of 3rd period - Stu Barnes wins face-off versus Travis Zajac in neutral zone.
11:25 of 3rd period - Jonathan Cheechoo is hit by Travis Zajac and loses puck.
11:27 of 3rd period - Minor Penalty to Sheldon Souray for Elbowing.
11:28 of 3rd period - Michael Nylander wins face-off versus Joe Thornton in Sharks zone.
12:37 of 3rd period - Shot by Jean-Pierre Dumont.
12:37 of 3rd period - Stopped by Rick Dipietro without a rebound.
12:38 of 3rd period - Ben Eager wins face-off versus Markus Naslund in Sharks zone.
13:09 of 3rd period - Shot by John Madden.
13:09 of 3rd period - Shot Misses the Net.
13:37 of 3rd period - Shot by Jonathan Cheechoo.
13:37 of 3rd period - Stopped by Martin Brodeur without a rebound.
13:38 of 3rd period - Tomas Plekanec wins face-off versus Travis Zajac in Devils zone.
14:37 of 3rd period - Icing by Timo Helbling.
14:38 of 3rd period - Miroslav Satan wins face-off versus Joe Thornton in Devils zone.
14:53 of 3rd period - Jean-Pierre Dumont is hit by Sheldon Souray and loses puck.
14:56 of 3rd period - Shot by Brad Lukowich.
14:56 of 3rd period - Shot Misses the Net.
15:01 of 3rd period - Icing by Joe Thornton.
15:02 of 3rd period - Joe Thornton wins face-off versus Ben Eager in Sharks zone.
15:22 of 3rd period - Minor Penalty to Sheldon Souray for Hooking.
15:23 of 3rd period - Markus Naslund wins face-off versus Zach Parise in Sharks zone.
15:36 of 3rd period - Shot by Zach Parise.
15:36 of 3rd period - Stopped by Rick Dipietro with a rebound.
15:38 of 3rd period - Shot by Brad Lukowich.
15:38 of 3rd period - Stopped by Rick Dipietro without a rebound.
15:39 of 3rd period - Markus Naslund wins face-off versus Zach Parise in Sharks zone.
16:31 of 3rd period - Off-side.
16:32 of 3rd period - Ben Eager wins face-off versus Joe Thornton in neutral zone.
17:17 of 3rd period - Off-side.
17:18 of 3rd period - Ben Eager wins face-off versus Markus Naslund in neutral zone.
17:33 of 3rd period - Shot by John Madden.
17:33 of 3rd period - Stopped by Rick Dipietro with a rebound.
17:55 of 3rd period - Shot by Jonathan Cheechoo.
17:55 of 3rd period - Stopped by Martin Brodeur without a rebound.
17:56 of 3rd period - John Madden wins face-off versus Tomas Plekanec in Devils zone.
18:25 of 3rd period - Shot by John Madden.
18:25 of 3rd period - Deflect By Juraj Kolnik.
18:25 of 3rd period - Shot Blocked by Niklas Kronwall.
18:40 of 3rd period - Icing by Daniel Alfredsson.
18:41 of 3rd period - Michael Nylander wins face-off versus Pavel Datsyuk in Devils zone.
19:07 of 3rd period - Off-side.
19:08 of 3rd period - Travis Zajac wins face-off versus Stu Barnes in neutral zone.
19:10 of 3rd period - Off-side.
19:11 of 3rd period - Michael Nylander wins face-off versus Stu Barnes in neutral zone.
19:13 of 3rd period - Minor Penalty to Marc-Edouard Vlasic for Interference.
19:14 of 3rd period - Markus Naslund wins face-off versus Michael Nylander in Sharks zone.
19:32 of 3rd period - Patrik Elias is hit by Sheldon Souray and loses puck.
19:38 of 3rd period - Michael Nylander is hit by Sheldon Souray and loses puck.


Output by the SimonT Hockey Simulator (STHS) for Stephane Roy -- Original Page W3C XHTML 1.0 Valid